 Dungeon Crawl Stone Soup version 0.20.1-1-g8b1a95d (webtiles) character file.

848 Heedrag the Cleaver (level 7, -5/60 HPs)
             Began as a Minotaur Fighter on July 21, 2017.
             Killed by divine providence
             ... invoked by an orc priest
              (12 damage)
             ... on level 4 of the Dungeon.
             The game lasted 00:05:24 (3925 turns).

Heedrag the Cleaver (Minotaur Fighter)              Turns: 3925, Time: 00:05:24

Health: -5/60      AC:  5    Str: 23    XL:     7   Next: 69%
Magic:  0/6        EV:  8    Int:  5    God:
Gold:   241        SH:  9    Dex:  9    Spells: 6/6 levels left

rFire    . . .     SeeInvis .   a - +0 war axe
rCold    . . .     Gourm    .   c - +0 shield
rNeg     . . .     Faith    .   b - +0 scale mail
rPois    .         Spirit   +   (helmet restricted)
rElec    .         Reflect  .   (no cloak)
rCorr    .         Harm     .   (no gloves)
MR       .....                  (no boots)
Stlth    ..........             r - amulet of guardian spirit
Regen    0.2/turn               p - -4 ring of protection (curse)
MPRegen  0.1/turn               u - ring of flight

@: glowing
A: retaliatory headbutt, horns 2, molten scales 1, deterioration 1
a: Evoke Flight


You were on level 4 of the Dungeon.
You were not hungry.

You visited 1 branch of the dungeon, and saw 5 of its levels.

You collected 241 gold pieces.

Inventory:

Hand Weapons
 a - a +0 war axe (weapon)
 k - a +1 vampiric spear
Armour
 b - a +0 scale mail (worn)
 c - a +0 shield (worn)
Jewellery
 p - a cursed -4 ring of protection (left hand)
 r - an amulet of guardian spirit (around neck)
 u - a ring of flight (right hand)
 v - an uncursed ring of ice
Wands
 s - a wand of polymorph (10/24)
 w - a wand of paralysis (8/24)
 A - a wand of enslavement (10/24)
Scrolls
 h - 2 scrolls of teleportation {unknown}
 j - 3 scrolls of enchant armour {unknown}
 l - 5 scrolls of identify {unknown}
 m - 2 scrolls of amnesia {unknown}
 q - a scroll of recharging {unknown}
 t - 2 scrolls of enchant weapon {unknown}
 x - a scroll of acquirement {unknown}
 y - a scroll of noise {unknown}
 E - a scroll of random uselessness {unknown}
Potions
 d - 2 potions of might
 e - a potion of berserk rage {unknown}
 g - a potion of agility {unknown}
 i - 2 potions of lignification {unknown}
 o - 6 potions of curing {unknown}
 C - a potion of degeneration {unknown}
 D - a potion of heal wounds {unknown}
 F - a potion of cancellation {unknown}
Comestibles
 f - 4 bread rations
 n - 2 royal jellies
 z - 6 chunks of flesh
 B - a meat ration


   Skills:
 + Level 4.8 Fighting
 * Level 9.0 Axes
 + Level 5.1 Armour
 + Level 2.5 Dodging
 - Level 3.6 Shields


You had 6 spell levels left.
You didn't know any spells.

Dungeon Overview and Level Annotations

Branches:
Dungeon (5/15)
 Temple: D:4-7

Altars:
Gozag
Hepliaklqana
Vehumet

Annotations:
D:4 Duvessa


Innate Abilities, Weirdness & Mutations

You reflexively headbutt those who attack you in melee.
You have a pair of horns on your head.
You are partially covered in molten scales. (AC +2)
Your body sometimes deteriorates upon taking damage.


Message History

You slash Duvessa!
Duvessa is lightly wounded.
You closely miss the orc priest.
Duvessa hits you with an antimagic rapier!
You feel your power leaking away.
The orc priest calls down the wrath of Beogh upon you.
Pain shoots through your body!
You completely miss Duvessa. You headbutt Duvessa!
Duvessa is moderately wounded.
You hit the orc priest. You block Duvessa's attack.
The orc priest hits you with a club.
* * * LOW HITPOINT WARNING * * *
Duvessa hits you with an antimagic rapier!
* * * LOW HITPOINT WARNING * * *
Your shield and scale mail prevent you from hitting Duvessa.
Duvessa is moderately wounded.
You hit the orc priest. You block Duvessa's attack.
The orc priest mumbles some strange prayers to Beogh against you.
Beogh smites you!
You die...

# ### #### ### ##.#
###..## ..## ##..#
#.....# #..###...###
#.....##
##.........#####
#......#
##..#####.....####
#......# #..##
#####..@o#######.....#
#.##
####eg...###.....#
##<#
#....o.......)...##
#.##
#..................#
#.#
#.................##
.##
........#.....>...# .#
#......##........## ##
##....# ##.......## #
##### #........#


You could see Duvessa (berserk), an orc priest, an orc wizard and a gnoll.

Vanquished Creatures
  A sky beast (D:4)
  2 ogres
  2 scorpions
  Dowan (D:4)
  A crimson imp (D:5)
  A centaur zombie (D:5)
  A gnoll shaman (D:4)
  A bullfrog skeleton (D:5)
  A centaur skeleton (D:4)
  Jessica (D:2)
  An iguana (D:5)
  A worker ant (D:4)
  Robin (D:2)
  8 adders
  7 gnolls
  A worm (D:2)
  A dart slug (D:1)
  A leopard gecko (D:2)
  An orc (D:5)
  8 bats
  11 goblins
  5 hobgoblins
  3 jackals (D:2)
  7 kobolds
  4 quokkas
  3 frilled lizards
  A quokka skeleton (D:4)
  9 rats
85 creatures vanquished.

Notes
Turn   | Place    | Note
-------+----------+-------------------------------------------
     0 | D:1      | Heedrag the Minotaur Fighter began the quest for the Orb.
     0 | D:1      | Reached XP level 1. HP: 19/19 MP: 0/0
   282 | D:1      | Reached skill level 3 in Axes
   438 | D:1      | Reached XP level 2. HP: 26/26 MP: 1/1
   660 | D:1      | Reached skill level 4 in Axes
   759 | D:1      | You fall through a shaft!
   790 | D:2      | Reached XP level 3. HP: 27/31 MP: 2/2
   830 | D:2      | Noticed Jessica
   838 | D:2      | Killed Jessica
   838 | D:2      | Reached skill level 5 in Axes
   838 | D:2      | Reached XP level 4. HP: 23/39 MP: 3/3
  1363 | D:2      | Noticed Robin
  1369 | D:2      | Killed Robin
  1369 | D:2      | Reached skill level 6 in Axes
  1755 | D:3      | Found a radiant altar of Vehumet.
  1755 | D:3      | Found a hazy altar of Hepliaklqana.
  2351 | D:4      | Reached XP level 5. HP: 45/45 MP: 4/4
  2445 | D:4      | Noticed Dowan
  2452 | D:5      | Entered Level 5 of the Dungeon
  2455 | D:5      | Reached skill level 7 in Axes
  2613 | D:5      | Reached XP level 6. HP: 29/51 MP: 3/5
  2653 | D:5      | Reached skill level 8 in Axes
  2661 | D:5      | Reached skill level 1 in Dodging
  2977 | D:4      | Noticed Duvessa
  3171 | D:5      | Reached XP level 7. HP: 48/59 MP: 4/6
  3216 | D:5      | Found an opulent altar of Gozag.
  3437 | D:4      | Gained mutation: You are partially covered in molten scales. (AC +2) [mutagenic meat]
  3438 | D:4      | Gained mutation: Your body sometimes deteriorates upon taking damage. [mutagenic meat]
  3772 | D:4      | Reached skill level 5 in Armour
  3919 | D:4      | Killed Dowan
  3919 | D:4      | Reached skill level 9 in Axes
  3925 | D:4      | Killed from afar by an orc priest

Skill      XL: |  1  2  3  4  5  6  7 |
---------------+----------------------+-----
Axes           | 3 4 5 6 7 8 9 |  9.0
Dodging        | 1 2 |  2.5
Fighting       | 4 |  4.8
Armour         | 4 5 |  5.1
Shields        | |  3.6

Action                   |  1- 3 |  4- 6 |  7- 9 || total
-------------------------+-------+-------+-------++-------
Melee: War axe           |    56 |   141 |    44 ||   241
       Headbutt          |    10 |    20 |    10 ||    40
  Eat: Chunk             |       |     7 |     5 ||    12
Armor: Scale mail        |    19 |    40 |     9 ||    68
Dodge: Dodged            |    20 |    27 |    11 ||    58
Block: Shield            |    43 |    80 |    23 ||   146
